[Event "44th Chess Olympiad Women 2022"]
[Site "Chennai"]
[Date "2022.08.06"]
[Round "8.20"]
[White "Narva, Mai"]
[Black "Rogule, Laura"]
[Result "1-0"]
[WhiteElo "2385"]
[BlackElo "2292"]
[Annotator "TA"]
[PlyCount "57"]
[EventDate "2022.??.??"]
[TimeControl "60"]

1. e4 c5 2. Nf3 e6 3. d4 cxd4 4. Nxd4 a6 5. c4 Nf6 6. Nc3 Bb4 7. Nc2 {[%emt 0:02:59] 7.Qd3 is a critical line.}
Bxc3+ {[%emt 0:02:33] B41: Sicilian: Kan Variation: 5 c4.} 8. bxc3 O-O {[%emt 0:13:46] [#]} (8... Qa5 $11) 9. e5 $146 ({
Predecessor:} 9. Ba3 Re8 10. e5 Ne4 11. Bd3 f5 12. Bxe4 fxe4 13. Qe2 Qa5 14.
O-O Qxe5 15. f3 {0-1 (50) Bakalar,J (2120)-Jedlicka,A (2301) Tatranske Zruby
2009}) 9... Ne8 {[%emt 0:14:21] White is slightly better.} 10. Ba3 {[%emt 0:29:
32] White is more active.} Qg5 11. Qe2 d6 12. exd6 (12. Bxd6 Nxd6 13. exd6 Rd8 $11)
12... Bd7 13. Rb1 b5 14. Qe3 (14. cxb5 axb5 15. Qd2 Qxd2+ 16. Kxd2 Nf6 $14) 14... Qd8 (14... Qxe3+ $16 {was called for.} 15. Nxe3 (15. fxe3 Nf6 $14)
15... Nf6) 15. Bd3 $18 Nf6 {[%emt 0:05:25] Against Qe4} 16.
O-O bxc4 17. Bxc4 Qc8 18. Bd3 Nd5 19. Qg3 {[%emt 0:
01:45] aiming for c4.} Bb5 20. d7 $40 {[%emt 0:00:00] Black
is in trouble.} (20. Bxb5 $6 axb5 21. d7 (21. Rxb5 Nxc3 22. Re5 Qc4 $11) 21...
Nxd7) 20... Nxd7 21. Bxf8 {[%emt 0:00:00] Chess con chili.} (
21. Bxb5 axb5 22. Bxf8 (22. Rxb5 $2 Nxc3 23. Re5 Nxe5 $19) 22... Nxf8 $16)
21... Kxf8 (21... Nxf8 $142 22. Nb4 (22. Bxb5 axb5 23. Qf3
Nxc3 $16) 22... Nxc3) 22. Qd6+ ({Much less strong is} 22. Bxb5
axb5 23. Nd4 (23. Rxb5 Nxc3 24. Qd6+ Kg8 $16) 23... Kg8 24. Nxb5 (24. Rxb5 Nxc3
25. Rb3 Ne4 $18) 24... h6) 22... Kg8 $2 {[%emt 0:01:27] [#]} (22... Ke8 {
keeps fighting.}) 23. c4 Bxc4 (23... Nc5 24.
Rxb5 (24. cxd5 Bxd3 25. dxe6 Bxf1 $18) 24... Nxd3) 24. Bxc4 Qxc4 25. Qxd7 Qxc2 26. Rfc1 Nf6 27. Qb7 Qe4 28. Rc8+ Ne8 29. Rxe8+ {[%emt 0:00:19]
White took control after the opening. Weighted Error Value: White=0.07 
(flawless) /Black=0.78} (29. Rxa8 $142 Qa4 30. Qxa6 Qd7 31. Qb7 Qa4 32. Rxa4 h5
33. Ra8 g6 34. Rxe8+ Kg7 35. Qe7 h4 36. Rbb8 h3 37. Rg8+ Kh7 38. Qh4#) 1-0

[Event "44th Chess Olympiad Women 2022"]
[Site "Chennai"]
[Date "2022.08.06"]
[Round "8.20"]
[White "Narva, Triin"]
[Black "Ter-Avetisjana, Agnesa Stepania"]
[Result "0-1"]
[WhiteElo "2066"]
[BlackElo "1962"]
[Annotator "NA RC"]
[PlyCount "66"]
[EventDate "2022.??.??"]
[TimeControl "60"]

1. e4 c6 2. Nc3 d5 3. Nf3 Bg4 4. h3 Bxf3 5. Qxf3 e6 6. Be2 Nf6 7. O-O Be7 8. e5 Nfd7 9. Qg3 O-O 10. d4 Kh8 11. Nd1 c5 12. c3 Nc6 13.
Be3 Qb6 14. Qg4 cxd4 15. cxd4 f5 16. exf6 Bxf6 17. Nc3 Bxd4 18. Qxe6 Bxe3 19. fxe3 Nf6 20. Bg4 Rae8 21.
Qd6 Qxe3+ 22. Kh1 Rd8 23. Qa3 d4 24. Rf3 Qh6 25. Ne4 Ne5 26.
Nxf6 Nxf3 27. Nxh7 Qxh7 28. Bxf3 d3 29. Rd1 Rxf3 30. gxf3 Qxh3+ 31. Kg1 Qg3+ 32. Kh1 Qxf3+ 33. Kh2 Rd5 0-1

[Event "44th Chess Olympiad Women 2022"]
[Site "Chennai"]
[Date "2022.08.06"]
[Round "8.21"]
[White "Chirivi C, Jenny Astrid"]
[Black "Demchenko, Svitlana"]
[Result "0-1"]
[WhiteElo "2157"]
[BlackElo "2122"]
[Annotator "RC"]
[PlyCount "100"]
[EventDate "2022.??.??"]
[TimeControl "60"]

1. d4 d5 2. c4 e6 3. Nc3 h6 4. Nf3 Nf6 5. Bf4 Bd6 6. e3 O-O 7. Be2 b6 8. O-O Bb7 9. Bxd6 Qxd6 10. cxd5 exd5 11. Rc1 Qe7 12. Ne1 c5 13. dxc5 bxc5 14. Na4 Nbd7 15. Nd3 Rac8 16. Bf3 Rfd8 17. Re1 Ba6 18. g3 Bxd3 19. Qxd3 Ne5 20. Qe2 Nxf3+ 21. Qxf3 Ne4 22. Qg2 Qe8 23. b3 c4 24. f3 Nf6 25. Qd2 Nd7 26. f4 Nf6 27. Nc3 cxb3 28. axb3 Qe6 29. Nb5 Ne4 30. Qe2 Qb6 31. Nd4 Nc5 32. Rc3 Ne6 33. Nxe6 Rxc3 34. Nxd8 Qxd8 35. b4 Qb6 36. Qd2 Rb3 37. Qxd5 Qxb4 38. Re2 a5 39. Kf2 a4 40. Qc6 a3 41. Rc2 Rb2 42. Kf3 Rxc2 43. Qxc2 Qb7+ 44. e4 Qa6 45. Qa2 Qd3+ 46. Kg4 g6 47. Kh3 Qf1+ 48. Kh4 Qc1 49. Qd5 Qb2 50. f5 a2 0-1

[Event "44th Chess Olympiad Women 2022"]
[Site "Chennai"]
[Date "2022.08.06"]
[Round "8.21"]
[White "Mills, Morgen"]
[Black "Argote Heredia, Valentina"]
[Result "0-1"]
[WhiteElo "1993"]
[BlackElo "2205"]
[Annotator "RC"]
[PlyCount "76"]
[EventDate "2022.??.??"]
[TimeControl "60"]

1. e4 c5 2. Nf3 e6 3. d4 cxd4 4. Nxd4 a6 5. Bd3 Bc5 6. Nb3 Ba7 7. Qg4 Nf6 8. Qg3 d6 9. N1d2 O-O 10. Nf3 e5 11. Bg5 Be6 12. O-O Nbd7 13.
c4 Kh8 14. Qh4 h6 15. Rfe1 Rc8 16. Rac1 Kg8 17. Be3 Bxe3 18. fxe3 a5 19. Qf2 a4 20. Nbd2 Nc5 21. Bc2 Qb6 22. b3 axb3 23. axb3 Ra8 24. Nh4 Ra2 25. Nf5 Bxf5 26. exf5 e4 27. Qh4 Re8 28. h3 Nd3 29. Bxd3 exd3 30. Rcd1 Rxe3 31. Kh2 Re2 32. Qf4 Rf2 33. Nf3 Rxg2+ 34. Kh1 Nh5 35. c5 Qxc5 36. b4 Qf2 37. Re8+ Kh7 38. Qxh6+ gxh6 0-1

[Event "44th Chess Olympiad Women 2022"]
[Site "Chennai"]
[Date "2022.08.06"]
[Round "8.21"]
[White "Ouellet, Maili-Jade"]
[Black "Castrillon Gomez, Melissa"]
[Result "0-1"]
[WhiteElo "2239"]
[BlackElo "2230"]
[Annotator "RC"]
[PlyCount "63"]
[EventDate "2022.??.??"]
[TimeControl "60"]

1. d4 d5 2. c4 dxc4 3. e4 e5 4. Nf3 exd4 5. Bxc4 Nc6 6. O-O Be6 7. Bb5 Bc5 8. b4 Bb6 9. a4 a6 10. Bxc6+ bxc6 11. a5 Ba7 12. Ne5 Ne7 13. Nd2 O-O 14. Qc2 Qe8 15. Ndf3 f6 16. Nd3 Bg4 17. Nfe1 Qf7 18. h3 Be6 19. Bf4 Bb3 20. Qc1 Ng6 21. Qxc6 Nxf4 22. Nxf4 Qc4 23. Rc1 Qxc6 24. Rxc6 Ba4 25. Rc1 Rae8 26. Nfd3 c6 27. f3 Bb5 28. Rf2 Bb8 29. Rd1 f5 30. Nc5 Bg3 31. Rb2 fxe4 32. Rbb1 0-1

[Event "44th Chess Olympiad Women 2022"]
[Site "Chennai"]
[Date "2022.08.06"]
[Round "8.21"]
[White "Rodriguez Rueda, Paula Andrea"]
[Black "Guo, Yu Han"]
[Result "0-1"]
[WhiteElo "2237"]
[BlackElo "1630"]
[Annotator "NA RC"]
[PlyCount "80"]
[EventDate "2022.??.??"]
[TimeControl "60"]

1. d4 d5 2. c4 e6 3. Nc3 Be7 4. Nf3 Nf6 5. Bf4 O-O 6. e3 b6 7. Be2 Bb7 8. Ne5 Nbd7 9. O-O c5 10. cxd5 Nxe5 11. d6 Ng6 12. dxe7 Qxe7 13. Bg3 Rfd8 14. Qa4 cxd4 15. exd4 Qd7 16. Qa3 Nd5 17. Nxd5 Qxd5 18. Bf3 Qd7 19. Bxb7 Qxb7 20. Rac1 Rd7 21. Rc4 Rc8 22. Rxc8+ Qxc8 23. h3 h6 24. Qc3 Qd8 25. Qa3 a5 26. Qc3 Ne7 27. Rc1 Rxd4 28. Kh2 Rd1 29. Rc2 Qd3 30. Qxd3 Rxd3 31. Be5 Nd5 32. a3 Kh7 33. Rc6 Kg6 34. h4 h5 35. Bd6 Rd2 36. b4 axb4 37. axb4 Rxf2 38. Be5 Re2 39. Bd4 Re4 40. Bxb6 Rxh4+ 0-1

[Event "44th Chess Olympiad Women 2022"]
[Site "Chennai"]
[Date "2022.08.06"]
[Round "8.22"]
[White "Campos, Maria Jose"]
[Black "Abdi, Zineb Dina"]
[Result "1-0"]
[WhiteElo "2185"]
[BlackElo "1899"]
[Annotator "NA RC"]
[PlyCount "81"]
[EventDate "2022.??.??"]
[TimeControl "60"]

1. c4 e6 2. g3 Nf6 3. Bg2 d5 4. Nf3 dxc4 5. Qa4+ Nbd7 6. Qxc4 c5 7. O-O a6 8. Qb3 Be7 9. Nc3 O-O 10. Rd1 Nb6 11. d3 Nbd5 12. a4 Rb8 13.
a5 b5 14. axb6 Rxb6 15. Qc2 Nb4 16. Qb1 Nfd5 17. Nd2 Bf6 18.
Nce4 Qc7 19. Nc4 Rb5 20. Bd2 Rd8 21. Rc1 Be7 22. Na3 Rb6 23.
Rc4 f5 24. Nxc5 Qe5 25. e3 a5 26. d4 Qb8 27. Rc1 Na6 28. Nc4 Nxc5 29. dxc5 Rb3 30. Bxa5 Re8 31. Nb6 Bf6 32. Nxd5 exd5 33. Bxd5+ Be6 34. Bxe6+ Rxe6 35. Qxf5 Re5 36. Qf3 Qc8 37. Bc3 Rf5 38. Ra8 Rxf3 39. Rxc8+ Kf7 40. Bxf6 Rxf6 41. Rc2 1-0

[Event "44th Chess Olympiad Women 2022"]
[Site "Chennai"]
[Date "2022.08.06"]
[Round "8.22"]
[White "Nassr, Lina"]
[Black "Zuriel, Marisa"]
[Result "1/2-1/2"]
[WhiteElo "2011"]
[BlackElo "2174"]
[Annotator "RC"]
[PlyCount "95"]
[EventDate "2022.??.??"]
[TimeControl "60"]

1. d4 Nf6 2. Nf3 c5 3. e3 g6 4. Be2 Bg7 5. O-O O-O 6. dxc5 Qa5 7. a3 Qxc5 8. b4 Qc7 9. c4 b6 10. Bb2 Bb7 11. Nc3 d6 12. Qb3 Nbd7 13.
Rac1 Rfc8 14. Nd4 a6 15. h3 Ne4 16. Rfd1 Nxc3 17. Bxc3 Nf6 18. Nf3 Ne4 19. Bxg7 Kxg7 20. Qb2+ Nf6 21. h4 h5 22. Ng5 Kg8 23.
Rd4 e5 24. Rdd1 Ne4 25. Nxe4 Bxe4 26. Bd3 Bb7 27. Qc2 f5 28. Bf1 Rd8 29. Qb3 Kg7 30. Rc2 Rac8 31. Rcd2 Qe7 32. Qb2 Kh7 33. g3 Rc7 34. f4 Bf3 35. Rc1 Rcd7 36. Bg2 Bxg2 37. Kxg2 exf4 38. exf4 Qe4+ 39. Kf2 Qe6 40. Re2 Qf7 41. Rce1 Qg7 42. Qxg7+ Kxg7 43. Re7+ Kf8 44. Rxd7 Rxd7 45. Rd1 Ke7 46. Ke3 Kd8 47. Kd4 Re7 48. Rd3 1/2-1/2

[Event "44th Chess Olympiad Women 2022"]
[Site "Chennai"]
[Date "2022.08.06"]
[Round "8.22"]
[White "Nassr, Rania"]
[Black "Borda Rodas, Anapaola S."]
[Result "0-1"]
[WhiteElo "1737"]
[BlackElo "2183"]
[Annotator "NA RC"]
[PlyCount "88"]
[EventDate "2022.??.??"]
[TimeControl "60"]

1. d4 Nf6 2. Nf3 g6 3. g3 Bg7 4. Bg2 O-O 5. O-O d5 6. c4 dxc4 7. Na3 Nc6 8. Nxc4 Be6 9. b3 Bd5 10. Bb2 a5 11. Nfe5 Bxg2 12. Kxg2 Nxe5 13. Nxe5 a4 14. Nf3 Qd5 15. Qd3 a3 16. Bc3 Ne4 17. Rac1 g5 18.
Kg1 c5 19. Ba1 g4 20. Nd2 Nxd2 21. Rxc5 Nf3+ 22. exf3 Qxf3 23. Qe3 e6 24. Rg5 h6 25. Rc5 Rfd8 26. h3 Rac8 27. hxg4 Qxe3 28. fxe3 Rxc5 29. dxc5 Bxa1 30. Rxa1 Rd2 31. Kf1 Kg7 32. Ke1 Rh2 33. Rc1 Rxa2 34. Kd1 Rb2 35. Ra1 Rxb3 36. Kd2 Kg6 37. Rc1 a2 38. Ra1 Ra3 39. Kc2 Kg5 40. Kb2 Ra5 41. Rxa2 Rxa2+ 42. Kxa2 Kxg4 43. Kb3 Kxg3 44. Kb4 h5 0-1

[Event "44th Chess Olympiad Women 2022"]
[Site "Chennai"]
[Date "2022.08.06"]
[Round "8.22"]
[White "Sarquis, Maria Belen"]
[Black "Hamza, Amira"]
[Result "1-0"]
[WhiteElo "2072"]
[BlackElo "1848"]
[Annotator "NA RC"]
[PlyCount "47"]
[EventDate "2022.??.??"]
[TimeControl "60"]

1. e4 e6 2. d4 d5 3. Nd2 dxe4 4. Nxe4 Nd7 5. Nf3 Ngf6 6. Nxf6+ Nxf6 7. Bd3 c5 8. c3 Be7 9. O-O O-O 10. Ne5 Qc7 11. Qf3 Rd8 12. Bf4 Bd6 13.
Rfe1 Bd7 14. Bg5 Bc6 15. Qh3 Be7 16. Ng4 Rac8 17. Nxf6+ Bxf6 18. Bxf6 gxf6 19. Qh6 cxd4 20. Bxh7+ Kh8 21. cxd4 Bd5 22. Bc2+ Kg8 23. Re3 Qxc2 24. Rh3 1-0

[Event "44th Chess Olympiad Women 2022"]
[Site "Chennai"]
[Date "2022.08.06"]
[Round "8.23"]
[White "Atalik, Ekaterina"]
[Black "Sultana, Sharmin Shirin"]
[Result "1-0"]
[WhiteElo "2422"]
[BlackElo "1995"]
[Annotator "TA"]
[PlyCount "83"]
[EventDate "2022.??.??"]
[TimeControl "60"]

1.
Nf3 d5 2. g3 Nf6 3. Bg2 e6 4. d4 Bd6 5. O-O O-O 6. c4 a6 {[%emt 0:02:52] 6...h6 is the modern continuation.
D02:1 d4 d5 2 Nf3 sidelines, including 2...Nf6 3 g3 and 2...Nf6 3 Bf4.} 7. Nc3
{[%emt 0:00:52] [#]} Nbd7 $146 ({Predecessor:} 7... c6 8. Nd2
Re8 9. e4 e5 10. dxe5 Bxe5 11. exd5 Bxc3 12. bxc3 cxd5 13. cxd5 Nxd5 {1-0 (36)
Bai,J (2572)-Harmon Vellotti,L (2455) Chess.com INT 2019}) 8. c5 Be7 {[%emt 0:00:11] White is slightly better.} 9. b4 Nb8 10. Ne5 Nc6 11. Nxc6 {
[%emt 0:03:01] White is much more active. The black rooks are badly placed.}
bxc6 12. a4 Rb8 13. Rb1 e5 14. dxe5 Ng4 15. Bf4 g5 16. Bc1 (16.
Be3 $5 ) 16... Nxe5 17. Qc2 f5 (17... Bf6 $11) 18. f4 (18. Rd1 $14) 18...
Ng4 (18... Nc4 $11 {remains equal.}) 19. h3 $16 Nf6 20. fxg5 Nh5 21. Kh2 Bxg5 {[%emt 0:
02:49] [#]} 22. Bf3 {[%emt 0:04:12] [#]} (22. e3 $1 $16) 22... f4 $1 $15 23. g4 ({Not} 23. Bxh5 $2 fxg3+ 24. Kg2 (24.
Kg1 $2 Rxf1+ 25. Kxf1 Bxh3+ 26. Kg1 Qf6 $19) 24... Rxf1 25. Bxg5 {[#]} (25.
Kxf1 $2 {perishes.} Bxh3+ 26. Kg1 Qf6 $19) 25... Qxg5 $1 $19) 23... Ng3 24. Rd1 {[%emt 0:00:11][%cal Rc3d5] And now Nxd5! would win.}
Qe7 25. Kg2 Bd7 ({Better is
} 25... Be6 $15 26. Qd3 Rf6) 26. b5 $1 $14 {[%emt 0:02:22] Threatens to win
with bxc6.} axb5 27. axb5 Qxc5 28. Qb3 {[%emt 0:06:01][%cal Rc3d5] Black must now prevent Nxd5! Chess
con chili.} Kh8 $2 {[%emt 0:00:15] This costs Black the game.} (28... Rf7 $1
$11 {and Black stays safe.}) 29. Ba3 {[%emt 0:00:00] Deflection} Qa7 (29... Qe3 30. Bxf8 Rxf8) 30. Bxf8 $18 Rxf8 31. bxc6 Bxc6 32. Nxd5 Be8 33. Qc3+ Kg8 34.
Qe5 Bh4 35. Ne7+ {[%emt 0:02:11] White mates.
} Bxe7 36. Qxe7 Bf7 37. Rd8 Rxd8 38. Qxd8+ Kg7 39. Qg5+ Bg6 40. Qe7+ Bf7 41. Qe5+ Kg6 42. Rc1 {
[%emt 0:00:00] Weighted Error Value: White=0.32/Black=0.64} 1-0

[Event "44th Chess Olympiad Women 2022"]
[Site "Chennai"]
[Date "2022.08.06"]
[Round "8.23"]
[White "Khan, Nazrana"]
[Black "Kocyigit, Buse Naz"]
[Result "1-0"]
[WhiteElo "1829"]
[BlackElo "1991"]
[Annotator "NA RC"]
[PlyCount "108"]
[EventDate "2022.??.??"]
[TimeControl "60"]

1. d4 Nf6 2. c4 g6 3. Nc3 Bg7 4. e4 d6 5. Nf3 O-O 6. Be2 Bg4 7. h3 Bxf3 8.
Bxf3 Nfd7 9. O-O c5 10. Be3 Nc6 11. d5 Nd4 12. Bxd4 cxd4 13. Ne2 Qb6 14. Rb1 Ne5 15. b3 Nxf3+ 16. gxf3 e5 17. f4 f5 18. exf5 Rxf5 19. fxe5 Bxe5 20. Kg2 Raf8 21. Qd3 Qd8 22. Ng3 Qg5 23. Rbe1 h5 24. Re4 Rf4 25. h4 Qg4 26. Rxf4 Bxf4 27. Re1 Be3 28. Rxe3 dxe3 29. Qxe3 Qxh4 30. Qe6+ Kg7 31. Qxd6 Qf6 32. Qxf6+ Kxf6 33. Ne4+ Ke5 34. Nc5 Rf7 35. Kg3 g5 36. f3 b5 37. Ne6 bxc4 38. bxc4 Rb7 39. Nxg5 Kd4 40. Ne4 Rg7+ 41. Kh4 Rf7 42. d6 Kxc4 43. Kxh5 Kb5 44. Kg4 Kc6 45. f4 Rb7 46. f5 Rb4 47. Kf3 a5 48. f6 a4 49. Kf4 Kd7 50. f7 Rb8 51. Ke5 a3 52. Nf6+ Kc6 53.
Ke6 Rf8 54. d7 Rh8 1-0

[Event "44th Chess Olympiad Women 2022"]
[Site "Chennai"]
[Date "2022.08.06"]
[Round "8.23"]
[White "Noshin, Anjum"]
[Black "Okuyaz, Duru"]
[Result "0-1"]
[WhiteElo "2027"]
[BlackElo "2090"]
[Annotator "NA RC"]
[PlyCount "70"]
[EventDate "2022.??.??"]
[TimeControl "60"]

1. e4 e6 2. d4 d5 3. Nc3 Nf6 4. e5 Nfd7 5. f4 c5 6. Nf3 Nc6 7. Be3 Be7 8. Qd2 O-O 9. dxc5 Nxc5 10. O-O-O a6 11. Kb1 b5 12. Bxc5 Bxc5 13. Bd3 Bb4 14. a3 Be7 15. Ne2 Na5 16. Ned4 Nc4 17. Bxc4 bxc4 18. Nc6 Qc7 19. Nxe7+ Qxe7 20. Nd4 Bd7 21. h4 c3 22. Qxc3 Rfc8 23. Qd3 Rab8 24. h5 Ba4 25. Rd2 Rc7 26. Ka2 Rcb7 27. c3 Bb3+ 28. Nxb3 Rxb3 29. h6 g6 30. g4 Qb7 31. Rhh2 Rxa3+ 32. Kb1 Qb3 33. Rc2 Qa4 34. Kc1 Ra1+ 35. Kd2 Qxf4+ 0-1

[Event "44th Chess Olympiad Women 2022"]
[Site "Chennai"]
[Date "2022.08.06"]
[Round "8.23"]
[White "Onur, Cigdem"]
[Black "Jannatul, Ferdous"]
[Result "1-0"]
[WhiteElo "2000"]
[BlackElo "1815"]
[Annotator "NA RC"]
[PlyCount "109"]
[EventDate "2022.??.??"]
[TimeControl "60"]

1. e4 c6 2. d4 d5 3. Nc3 dxe4 4. Nxe4 Bf5 5. Nc5 b6 6. Nb3 e6 7. Nf3 Nf6 8. g3 Bd6 9. Bg2 O-O 10. O-O Qc7 11. Qe2 a5 12. a4 Nd5 13.
Nh4 Bg6 14. c4 Nb4 15. Nxg6 hxg6 16. f4 Nd7 17. Be3 Rac8 18. Rfd1 c5 19. Rac1 Na2 20. Rc2 Nb4 21. Rcd2 Rfd8 22. Kh1 Be7 23. dxc5 Nxc5 24. Nxc5 Rxd2 25. Qxd2 bxc5 26. Qd7 Bf6 27. b3 Nc2 28. Qxc7 Rxc7 29. Bg1 Bd4 30. Be4 Bxg1 31. Rd8+ Kh7 32. Bxc2 Bd4 33. Kg2 e5 34. f5 gxf5 35. g4 e4 36. gxf5 Re7 37. Kf1 Kh6 38. Ke2 Kg5 39. Ra8 Bc3 40. Rc8 Kxf5 41. Rxc5+ Re5 42. Rc7 Ke6 43. c5 g5 44. b4 Bxb4 45. Bb3+ Kf5 46. Rxf7+ Kg6 47. c6 Rc5 48. c7 Rc1 49. Rd7 Kf6 50. Bd5 Rc2+ 51. Kd1 e3 52. Kxc2 e2 53. c8=Q e1=Q 54. Rf7+ Kg6 55. Qf5+ 1-0

[Event "44th Chess Olympiad Women 2022"]
[Site "Chennai"]
[Date "2022.08.06"]
[Round "8.24"]
[White "Martynkova, Olena"]
[Black "Heredia Serrano, Carla"]
[Result "1-0"]
[WhiteElo "2213"]
[BlackElo "2090"]
[Annotator "RC"]
[PlyCount "117"]
[EventDate "2022.??.??"]
[TimeControl "60"]

1. d4 d5 2. c4 dxc4 3. Nf3 Nf6 4. e3 Bg4 5. Bxc4 e6 6. O-O a6 7. Nc3 Nc6 8. Be2 Bd6 9. h3 Bh5 10. b3 O-O 11. Bb2 Qe7 12. Ne5 Bxe2 13.
Nxc6 Bxd1 14. Nxe7+ Bxe7 15. Rfxd1 Rfd8 16. Rac1 Kf8 17. Kf1 Rd7 18. Ke2 Rad8 19. g4 Nd5 20. Ne4 f5 21. Nc5 Bxc5 22. dxc5 h6 23.
c6 bxc6 24. gxf5 exf5 25. Rd4 Kf7 26. Rxc6 Rd6 27. Rc5 g6 28. Ba3 R6d7 29. Rc6 Ra8 30. Bb2 a5 31. Rc5 Rad8 32. Rxa5 Nf4+ 33. exf4 Rxd4 34. Bxd4 Rxd4 35. Rc5 Rd7 36.
Rc6 Re7+ 37. Kf3 Rd7 38. h4 Kg7 39. b4 Rd3+ 40. Kg2 Rd4 41.
Rxc7+ Kf6 42. Rc6+ Ke7 43. Rb6 Rxf4 44. a4 Rg4+ 45. Kh3 g5 46.
h5 Kd7 47. a5 Kc7 48. b5 Rh4+ 49. Kg2 Rg4+ 50. Kf1 Ra4 51. Rc6+ Kb8 52. a6 Ra1+ 53. Kg2 Ra5 54. Rxh6 Rxb5 55. Rh7 Ka8 56. Rb7 Ra5 57. h6 Ra4 58. h7 Rh4 59. Rg7 1-0

[Event "44th Chess Olympiad Women 2022"]
[Site "Chennai"]
[Date "2022.08.06"]
[Round "8.24"]
[White "Miranda Vargas, Analia Karen"]
[Black "Simkunaite, Gabija"]
[Result "1/2-1/2"]
[WhiteElo "1723"]
[BlackElo "2010"]
[Annotator "NA RC"]
[PlyCount "129"]
[EventDate "2022.??.??"]
[TimeControl "60"]

1. Nf3 d5 2. c4 e6 3. g3 Nf6 4. Bg2 Be7 5. O-O O-O 6. d4 c5 7. cxd5 exd5 8.
dxc5 Bxc5 9. Nc3 h6 10. Bf4 Nc6 11. Rc1 Bb6 12. Ne5 Re8 13.
Nxc6 bxc6 14. Qa4 Bd7 15. Qc2 Qe7 16. Rfe1 Ng4 17. Nd1 g5 18. Bd2 Qf6 19. Bf3 Ne5 20. Bg2 Bf5 21. Qa4 Rad8 22. Ne3 Bc8 23. Ba5 Bxe3 24. fxe3 Rd6 25. Bc3 Qe6 26. Qxa7 Ng4 27. Bd4 Nxe3 28. Bxe3 Qxe3+ 29. Qxe3 Rxe3 30. Kf2 Re7 31. Rc3 Ba6 32. h3 f5 33. Ra3 Bb5 34. Ra8+ Kg7 35. b3 Rde6 36. Bf3 Bd3 37. Rc8 Ba6 38.
Ra8 Bb7 39. Rd8 Kf6 40. g4 f4 41. Rd1 Ke5 42. a4 Re8 43.
Rd7 R6e7 44. Rxe7+ Rxe7 45. b4 Kd6 46. Rd3 c5 47. bxc5+ Kxc5 48. Ke1 d4 49. Kf2 Bxf3 50. Kxf3 Re3+ 51. Kf2 Re6 52. Kf3 Kc4 53. a5 Kc5 54. Kf2 h5 55. gxh5 Rh6 56. Ra3 Rxh5 57. a6 Rh8 58. a7 Ra8 59. Kf3 Kb4 60. Ra6 Kc3 61. Ra3+ Kb4 62. Ra6 Kc3 63. Ra3+ Kb4 64. Ra6 Kc3 65. Ra3+ 1/2-1/2

[Event "44th Chess Olympiad Women 2022"]
[Site "Chennai"]
[Date "2022.08.06"]
[Round "8.24"]
[White "Ortiz Verdezoto, Anahi"]
[Black "Baginskaite, Kamile"]
[Result "1-0"]
[WhiteElo "2046"]
[BlackElo "2134"]
[Annotator "NA RC"]
[PlyCount "127"]
[EventDate "2022.??.??"]
[TimeControl "60"]

1. d4 Nf6 2. c4 e6 3. Nf3 d5 4. Nc3 Bb4 5. cxd5 exd5 6. Bg5 Nbd7 7. Qc2 h6 8. Bd2 c6 9. e3 Bd6 10. Bd3 O-O 11. O-O Re8 12. Rab1 a5 13.
a3 b5 14. b4 axb4 15. axb4 Nb6 16. e4 dxe4 17. Nxe4 Nxe4 18. Bxe4 Be6 19. Ra1 Bd5 20. Bxd5 cxd5 21. Qc6 Nc4 22. Rxa8 Qxa8 23. Qxb5 Rb8 24. Qd7 Nxd2 25. Nxd2 Bxb4 26. Nf3 Rd8 27. Qf5 Qc8 28. Qb1 Bd6 29. g3 Qc3 30. Kg2 g6 31. Rc1 Qb4 32. Qd3 Kg7 33. h4 Rb8 34. h5 Qb5 35.
Qxb5 Rxb5 36. hxg6 fxg6 37. Rc6 Be7 38. Ne5 g5 39. Rg6+ Kh7 40.
Re6 Ba3 41. Ng4 Bf8 42. Ne3 Rb4 43. Nf5 g4 44. Re8 Kg8 45.
Nxh6+ Kg7 46. Nf5+ Kf7 47. Re5 Bg7 48. Nxg7 Kxg7 49. Rxd5 Kf6 50. Kf1 Rb1+ 51. Ke2 Rb2+ 52. Ke3 Rb3+ 53. Kf4 Rf3+ 54. Kxg4 Rxf2 55. Re5 Rd2 56. Re4 Rd1 57. Kf4 Rf1+ 58. Ke3 Re1+ 59. Kd3 Rd1+ 60. Kc4 Kf5 61. Re3 Rc1+ 62. Kb5 Rb1+ 63. Kc6 Rc1+ 64. Kd6 1-0

[Event "44th Chess Olympiad Women 2022"]
[Site "Chennai"]
[Date "2022.08.06"]
[Round "8.24"]
[White "Sibajeva, Marija"]
[Black "Penafiel Mendoza, Josselyne"]
[Result "1-0"]
[WhiteElo "2032"]
[BlackElo "1804"]
[Annotator "NA RC"]
[PlyCount "99"]
[EventDate "2022.??.??"]
[TimeControl "60"]

1. e4 c5 2. Nf3 d6 3. d4 cxd4 4. Qxd4 a6 5. c4 Nc6 6. Qd3 Nf6 7. a3 Qa5+ 8. Bd2 Qb6 9. Bc3 h6 10. Be2 Be6 11. Nbd2 Rc8 12. b4 Ng4 13. O-O Nce5 14. Nxe5 Nxe5 15. Bxe5 dxe5 16. c5 Qc7 17. Qg3 g6 18. Bc4 Bxc4 19. Nxc4 Bg7 20. Rad1 O-O 21. Nb6 e6 22. Nxc8 Rxc8 23. Qd3 a5 24. Qd6 Bf8 25. Qxc7 Rxc7 26. Rd8 Kg7 27. Rfd1 axb4 28. axb4 b6 29. cxb6 Rb7 30. b5 Rxb6 31. Rb1 Bc5 32. Rc8 Bd4 33. Rc6 Rb7 34. b6 Kf6 35. Kf1 g5 36. Ke2 g4 37. Kd3 Ke7 38.
Kc4 Kd7 39. Kb5 Rb8 40. Rbc1 Kd8 41. Ka6 Ra8+ 42. Kb7 Ra2 43. Rc8+ Ke7 44. Kc7 Ra6 45. Rb8 Bxf2 46. b7 Bb6+ 47. Kc8 Be3 48. Rc7+ Kf6 49. Ra8 Ba7 50. Rxa7 1-0

[Event "44th Chess Olympiad Women 2022"]
[Site "Chennai"]
[Date "2022.08.06"]
[Round "8.25"]
[White "Bacic, Kristina"]
[Black "Wafa, Shahenda"]
[Result "0-1"]
[WhiteElo "1866"]
[BlackElo "2115"]
[Annotator "NA RC"]
[PlyCount "84"]
[EventDate "2022.??.??"]
[TimeControl "60"]

1. d4 Nf6 2. Nf3 g6 3. c4 Bg7 4. Nc3 O-O 5. e4 d6 6. Be2 e5 7. d5 a5 8. O-O Na6 9. h3 Nc5 10. Qc2 Ne8 11. Be3 b6 12. a3 f5 13. Nd2 f4 14. Bxc5 bxc5 15. b4 axb4 16. axb4 Rxa1 17. Rxa1 cxb4 18. Nb5 Bd7 19. Qb3 c5 20. dxc6 Bxc6 21. Qxb4 Qb6 22. Qa3 Bb7 23. Qa7 Qc6 24. Nb3 Bc8 25. f3 Rf7 26. Qf2 Be6 27. Na5 Qc8 28. Qb6 Bf8 29. Kh2 Be7 30. Nc6 Bh4 31. Nba7 Qb7 32. c5 dxc5 33. Qxc5 Bg3+ 34. Kh1 Bxh3 35. Qxe5 Qd7 36. Rd1 Qe6 37. Qb2 g5 38. Qb8 Qh6 39. Qxe8+ Rf8 40. Ne7+ Kg7 41. Kg1 Rxe8 42. gxh3 Rxe7 0-1

[Event "44th Chess Olympiad Women 2022"]
[Site "Chennai"]
[Date "2022.08.06"]
[Round "8.25"]
[White "Elansary, Eman"]
[Black "Popovic, Mateja"]
[Result "0-1"]
[WhiteElo "1936"]
[BlackElo "1634"]
[Annotator "NA RC"]
[PlyCount "108"]
[EventDate "2022.??.??"]
[TimeControl "60"]

1. d4 d5 2. Nf3 Nf6 3. e3 e6 4. Bd3 Nbd7 5. Nbd2 c5 6. b3 Be7 7. Bb2 O-O 8. O-O b6 9. Ne5 Bb7 10. f4 Ne4 11. Nxe4 dxe4 12. Bb5 Nxe5 13. fxe5 Bg5 14. Qe1 Rc8 15. Rf2 f5 16. Rd1 a6 17. Bc4 Qe7 18.
dxc5 b5 19. Bf1 Qxc5 20. Bd4 Qc6 21. Rfd2 f4 22. exf4 Bxf4 23. Re2 Rf5 24. g3 Bxe5 25. Bxe5 Rxe5 26. Bg2 Qb6+ 27. Kh1 Rec5 28. Qf2 Qc7 29. Kg1 Rf8 30. Qe3 Rc3 31. Qd2 Qc5+ 32. Kh1 e3 33. Qd7 Bxg2+ 34. Kxg2 Qf5 35. Rde1 Rxc2 36. Qd1 Qf3+ 37. Kg1 Rxe2 38. Qxe2 Qf2+ 39. Kh1 Rf3 40. Qxf2 exf2 41. Rf1 Kf7 42. Kg2 Rf6 43. b4 Kg6 44. Rxf2 Rxf2+ 45. Kxf2 Kf5 46. Kf3 h5 47. h3 g6 48. Ke3 Ke5 49. Kd3 g5 50. Ke3 Kd5 51. Kd3 e5 52. a3 g4 53. h4 e4+ 54. Ke3 Ke5 0-1

[Event "44th Chess Olympiad Women 2022"]
[Site "Chennai"]
[Date "2022.08.06"]
[Round "8.25"]
[White "Milovic, Aleksandra"]
[Black "Mona, Khaled"]
[Result "1-0"]
[WhiteElo "2129"]
[BlackElo "2127"]
[Annotator "NA RC"]
[PlyCount "73"]
[EventDate "2022.??.??"]
[TimeControl "60"]

1. Nc3 d5 2. d4 Nf6 3. Bf4 e6 4. e3 a6 5. Bd3 c5 6. Nf3 c4 7. Be2 b5 8. O-O Nc6 9. b3 Ba3 10. bxc4 dxc4 11. Ne5 Bb7 12. Bf3 Qb6 13. Na4 Qa5 14. Nc5 Nxe5 15. Bxb7 Rd8 16. Qe2 Qb6 17. dxe5 Bxc5 18. exf6 Qxb7 19. fxg7 Rg8 20. Be5 Qe4 21. Bf6 Be7 22. Bc3 f6 23. Ba5 Rd5 24. Rad1 Rg5 25. g3 R8xg7 26. Rd4 Qc6 27. Rfd1 h5 28. Qd2 Rg4 29. Bb4 Rxd4 30. Qxd4 Bxb4 31. Qd8+ Kf7 32. Rd7+ Kg6 33. Qe8+ Kf5 34. Qxh5+ Rg5 35. Qh3+ Rg4 36.
Rd4 Ke5 37. Qxg4 1-0